 Dungeon Crawl Stone Soup version 0.20.1-1-g8b1a95d (webtiles) character file.

2578 Linguinho the Slinger (level 9, -1/68 HPs)
             Began as a Centaur Arcane Marksman on Oct 27, 2017.
             Was a Follower of Ashenzari.
             Slain by a killer bee (3 damage)
             ... on level 7 of the Dungeon on Oct 28, 2017.
             The game lasted 00:56:18 (11534 turns).

Linguinho the Slinger (Centaur Arcane Marksman)    Turns: 11534, Time: 00:56:19

Health: -1/68      AC: 11    Str: 12    XL:     9   Next: 32%
Magic:  10/14      EV:  9    Int: 12    God:    Ashenzari [*.....]
Gold:   395        SH:  0    Dex: 14    Spells: 12/15 levels left

rFire    + . .     SeeInvis .   x - +0 hunting sling (curse)
rCold    . . .     Gourm    .   (no shield)
rNeg     + . .     Faith    .   e - +0 robe (curse)
rPois    .         Spirit   .   (no helmet)
rElec    .         Reflect  .   (no cloak)
rCorr    .         Harm     .   p - +0 pair of gloves
MR       .....                  m - +2 centaur barding
Stlth    +.........             b - amulet of rage
Regen    0.3/turn               i - ring of positive energy (curse)
MPRegen  0.2/turn               z - ring of protection from fire

@: lethally poisoned (-1 -> -5), very quick
A: hooves 3, deformed body, speed 2, tough skin 3
a: Curse Item, Scrying, Renounce Religion, Evoke Berserk Rage


You were on level 7 of the Dungeon.
You worshipped Ashenzari.
Ashenzari was aware of your devotion.
You were not hungry.

You visited 1 branch of the dungeon, and saw 8 of its levels.

You collected 395 gold pieces.

Inventory:

Hand Weapons
 a - a +0 hand crossbow
 w - a +0 club
 x - a cursed +0 hunting sling (weapon)
Missiles
 d - 39 bolts
 g - 8 curare-tipped needles
 l - 38 sling bullets (quivered)
 o - 217 stones
 r - 68 arrows
 A - 35 poisoned needles
Armour
 e - a cursed +0 robe (worn)
 m - a +2 centaur barding (worn)
 p - a +0 pair of gloves (worn)
Magical Staves
 K - an uncursed staff of wizardry
Jewellery
 b - an amulet of rage (around neck)
 i - a cursed ring of positive energy (left hand)
 q - an uncursed ring of magical power
 z - a ring of protection from fire (right hand)
 G - an uncursed amulet of guardian spirit
Wands
 f - a wand of lightning (0/15)
 h - a wand of lightning (5/15)
 D - a wand of digging (5/24)
Scrolls
 j - 4 scrolls of amnesia
 k - 2 scrolls of recharging
 v - a scroll of immolation {unknown}
 y - a scroll of magic mapping {unknown}
 C - 4 scrolls of teleportation
Potions
 t - a potion of haste {unknown}
 u - 2 potions of flight
 F - 2 potions of might
 J - a potion of magic {unknown}
 M - a potion of brilliance {unknown}
Books
 c - a book of Debilitation

   Spells                             Type                      Level
   a - Corona                         Hexes                        1
   b - Slow                           Hexes                        2
   c - Inner Flame                    Hexes/Fire                   3
   d - Portal Projectile              Hexes/Translocation          3
   e - Cause Fear                     Hexes                        4
   f - Leda's Liquefaction            Hexes/Earth                  4
Comestibles
 n - 3 royal jellies
 s - a fruit
 B - 6 bread rations
 E - 3 chunks of flesh
 I - 2 meat rations


   Skills:
 + Level 2.8 Fighting
 * Level 9.4(9.6) Slings
 + Level 3.7 Crossbows
 + Level 3.2(6.8) Throwing
 * Level 3.4 Dodging
 * Level 3.5 Spellcasting
 * Level 4.8 Hexes
 + Level 0.1 Evocations


You had 12 spell levels left.
You knew the following spells:

 Your Spells              Type           Power        Failure   Level  Hunger
a - Corona                Hex            ##.....      3%          1    #......
b - Slow                  Hex            ##......     4%          2    ##.....


Dungeon Overview and Level Annotations

Branches:
Dungeon (8/15)             Temple (0/1) D:7
   Lair: D:8-11

Altars:
Ashenzari
Fedhas
Gozag
Hepliaklqana
Okawaru
Qazlal
Ru
Uskayaw
Yredelemnul


Innate Abilities, Weirdness & Mutations

You have hooves in place of feet.
Armour fits poorly on your strangely shaped body.
You cover ground very quickly.
You have extremely tough skin. (AC +3)


Message History

Press: ? - help, Shift-Dir - straight line, f/p - killer bee
Aim: a killer bee You shoot a sling bullet.
The sling bullet hits the killer bee.
The killer bee is lightly wounded.
* * * LOW HITPOINT WARNING * * *
You feel sick. The killer bee stings you.
* * * LOW HITPOINT WARNING * * *
Firing (i - inventory. (,) - cycle):
l - 40 sling bullets (quivered)
Press: ? - help, Shift-Dir - straight line, f/p - killer bee
Aim: a killer bee (lightly wounded)
You shoot a sling bullet. The sling bullet misses the killer bee.
The killer bee closely misses you. The killer bee stings you.
* * * LOW HITPOINT WARNING * * *
Firing (i - inventory. (,) - cycle):
l - 39 sling bullets (quivered)
Press: ? - help, Shift-Dir - straight line, f/p - killer bee
Aim: a killer bee (lightly wounded)
You shoot a sling bullet. The sling bullet hits the killer bee.
The killer bee is lightly wounded.
The killer bee stings you.
You die...

#....#............#....#.........
###..##.##..##.####.##.####'###..
###..##.##'###.####+##.##....###'
...............#..............#..
...............#..............#..
...............#..............'..
'###....###....##...###########..
...#....###....##...####.....####
.#.#...........#@.....#..........
_..'...........#y.....#..........
.#.#...........#......#..........
...###...#..#..#(.#...##..##.####
'##################...##+###.####
.....# #........+...... .....#
#........#...... .....##
#........#...... ......#
##.....#..#..###


You could see a killer bee.

Vanquished Creatures
  A hippogriff (D:7)
  Sigmund (D:5)
  A spriggan (D:7)
  Duvessa (D:6)
  An orc warrior (D:6)
  2 black bears
  An ice beast (D:7)
  2 ogres
  2 phantoms
  2 centaurs
  Blork the orc (D:6)
  3 scorpions
  Dowan (D:6)
  A howler monkey (D:3)
  3 crimson imps
  A centaur zombie (D:6)
  2 bullfrog zombies
  A jelly (D:6)
  A centaur skeleton (D:5)
  2 orc priests
  4 orc wizards
  2 iguanas
  6 worker ants
  A hound skeleton (D:7)
  6 adders
  A shadow imp (D:7)
  An ooze (D:4)
  An adder skeleton (D:4)
  3 worms
  A dart slug (D:2)
  7 leopard geckos
  19 orcs
  2 ball pythons
  5 giant cockroaches
  7 goblins
  11 hobgoblins
  17 jackals
  4 kobolds
  3 quokkas
  4 bats
  9 frilled lizards
  A jackal skeleton (D:5)
  A jackal zombie (D:5)
  A quokka skeleton (D:5)
  9 rats
156 creatures vanquished.

Notes
Turn   | Place    | Note
-------+----------+-------------------------------------------
     0 | D:1      | Linguinho the Centaur Arcane Marksman began the quest for the Orb.
     0 | D:1      | Reached XP level 1. HP: 16/16 MP: 2/2
   220 | D:1      | Reached XP level 2. HP: 16/23 MP: 1/3
   994 | D:2      | Found a hide-covered altar of Uskayaw.
  1146 | D:2      | Found an opulent altar of Gozag.
  1160 | D:2      | Reached XP level 3. HP: 25/28 MP: 2/4
  1568 | D:2      | Found a shattered altar of Ashenzari.
  2455 | D:3      | Reached XP level 4. HP: 17/35 MP: 4/6
  3165 | D:3      | Found a faded altar of an unknown god.
  3427 | D:3      | Found a sacrificial altar of Ru.
  3569 | D:2      | Became a worshipper of Ashenzari the Shackled
  3647 | D:4      | Reached XP level 5. HP: 40/40 MP: 5/7
  3667 | D:4      | Reached skill level 1 in Slings
  3730 | D:3      | HP: 2/40 [poisoned by a worker ant]
  4072 | D:4      | Reached skill level 1 in Throwing
  4276 | D:4      | Found a stormy altar of Qazlal.
  4312 | D:4      | Reached skill level 2 in Slings
  4562 | D:5      | Entered Level 5 of the Dungeon
  4823 | D:4      | Noticed an ogre
  5978 | D:4      | Noticed a phantom
  6007 | D:4      | Killed a phantom
  6007 | D:4      | Reached skill level 3 in Slings
  6007 | D:4      | Reached XP level 6. HP: 13/47 MP: 9/9
  6254 | D:5      | Reached * piety under Ashenzari
  6550 | D:5      | Reached skill level 4 in Slings
  6849 | D:4      | HP: 2/47 [poisoned by a worker ant]
  6857 | D:4      | HP: 2/47 [poisoned by a worker ant]
  7120 | D:4      | Reached XP level 7. HP: 44/52 MP: 8/10
  7599 | D:4      | Learned a level 2 spell: Slow
  7599 | D:4      | You fall through a shaft for 3 floors!
  7607 | D:7      | Reached skill level 5 in Slings
  8015 | D:7      | Found a staircase to the Ecumenical Temple.
  8083 | D:7      | Reached skill level 6 in Slings
  8196 | D:7      | Found a hazy altar of Hepliaklqana.
  8325 | D:7      | Reached XP level 8. HP: 53/61 MP: 10/12
  8438 | D:6      | Noticed Dowan
  8444 | D:6      | Killed Dowan
  8445 | D:6      | Noticed Duvessa
  9074 | D:6      | Reached skill level 7 in Slings
  9262 | D:6      | Found an iron altar of Okawaru.
  9275 | D:6      | Killed Duvessa
  9502 | D:6      | Reached skill level 8 in Slings
  9516 | D:6      | Noticed Blork the orc
  9549 | D:6      | Killed Blork the orc
  9633 | D:6      | Found a blossoming altar of Fedhas.
 10278 | D:5      | Noticed Sigmund
 10652 | D:5      | Killed Sigmund
 10652 | D:5      | Reached XP level 9. HP: 35/68 MP: 11/13
 11070 | D:5      | Reached skill level 9 in Slings
 11122 | D:5      | Found a basalt altar of Yredelemnul.
 11532 | D:7      | HP: 3/68 [killer bee (1)]
 11534 | D:7      | Slain by a killer bee

Skill      XL: |  1  2  3  4  5  6  7  8  9 |
---------------+----------------------------+-----
Hexes          | 3 4 |  4.8
Crossbows      | 3 |  3.7
Slings         | 3 4 6 8 9 |  9.4
Dodging        | 2 3 |  3.4
Throwing       | 1 2 3 |  3.2
Spellcasting   | 2 3 |  3.5
Fighting       | 2 |  2.8
Evocations     | |  0.1

Action                   |  1- 3 |  4- 6 |  7- 9 || total
-------------------------+-------+-------+-------++-------
Melee: Hand crossbow     |     9 |       |       ||     9
       Kick              |     8 |     2 |       ||    10
       Club              |    26 |     2 |       ||    28
       Hunting sling     |       |     3 |       ||     3
 Fire: Hand crossbow     |   117 |       |       ||   117
       Hunting sling     |       |   280 |   416 ||   696
Throw: Stone             |    25 |     3 |       ||    28
 Cast: Corona            |    38 |    59 |    78 ||   175
       Slow              |       |       |     9 ||     9
Invok: Curse Item        |       |     3 |       ||     3
       Scrying           |       |       |     3 ||     3
Evoke: Wand              |       |       |     3 ||     3
  Use: Potion            |       |     4 |     1 ||     5
       Scroll            |       |     1 |     5 ||     6
  Eat: Chunk             |     5 |     3 |     8 ||    16
       Fruit             |       |     1 |       ||     1
       Meat ration       |       |     1 |     1 ||     2
       Bread ration      |       |     1 |       ||     1
Armor: Robe              |    61 |    61 |   103 ||   225
Dodge: Dodged            |    84 |    96 |    94 ||   274
